 Dungeon Crawl Stone Soup version 0.31-a0-217-g58bb5d79cf (webtiles) character file.

Game seed: 712883645852577585

16 puppykicker the Ducker (level 2, 2/14 HPs)
             Began as a Spriggan Gladiator on July 2, 2023.
             Quit the game on level 2 of the Dungeon.
             The game lasted 00:02:48 (1027 turns).

puppykicker the Ducker (Spriggan Gladiator)         Turns: 1027, Time: 00:02:49

Health: 2/14       AC:  2    Str: 10    XL:     2   Next: 41%
Magic:  3/3        EV: 18    Int:  9    God:
Gold:   85         SH:  0    Dex: 16    Spells: 1/1 levels left

rFire   . . .        a - +0 quarterstaff
rCold   . . .        (shield currently unavailable)
rNeg    . . .        b - +0 robe
rPois   .            c - +0 hat
rElec   .            (no cloak)
rCorr   .            (gloves unavailable)
SInv    +            (boots unavailable)
Will    .....        (no amulet)
Stlth   +            (no ring)
HPRegen 0.22/turn    (no ring)
MPRegen 0.08/turn

%: no passive effects
@: attractive, very quick
A: very small, no large weapons, unfitting armour, see invisible, speed 3
a: no special abilities


You were on level 2 of the Dungeon.
You visited 1 branch of the dungeon, and saw 2 of its levels.

You collected 85 gold pieces.

Inventory:

Hand Weapons
 a - a +0 quarterstaff (weapon)
Missiles
 d - 4 throwing nets
 e - 2 boomerangs
 r - 5 stones (quivered)
Armour
 b - a +0 robe (worn)
 c - a +0 hat (worn)
Jewellery
 q - an amulet of faith {Faith, !P}
Scrolls
 f - a scroll of vulnerability {unknown}
 g - 2 scrolls of identify {unknown}
 k - a scroll of noise {unknown}
 l - 3 scrolls of teleportation {unknown}
 m - a scroll of revelation {unknown}
 o - a scroll of enchant armour {unknown}
Potions
 h - a potion of mutation {unknown}
 i - a potion of attraction {!q}
 j - a potion of curing {unknown}
 n - a potion of ambrosia {unknown}
 p - a potion of invisibility {unknown}


   Skills:
 - Level 1.5 Fighting
 + Level 2.9 Staves
 - Level 2.0 Throwing
 - Level 4.0 Dodging


You had one spell level left.
You didn't know any spells.
Your spell library was empty.

Dungeon Overview and Level Annotations

Branches:
Dungeon (2/15)

Altars:

Annotations:
D:2 Natasha


Innate Abilities, Weirdness & Mutations

You are very small and have problems with some larger weapons.
You are too small for most types of armour.
You have supernaturally acute eyesight. (SInv)
You cover ground extremely quickly. (Speed+++)


Message History

You barely miss the hobgoblin. The hobgoblin barely misses you.
Natasha, Servant of Life and Death comes into view.
An adder comes into view.
The hobgoblin misses you.
You barely miss the hobgoblin. The hobgoblin completely misses you.
You closely miss the hobgoblin. The hobgoblin closely misses you.
Natasha stares at you and mumbles some strange words.
You feel yourself slow down. Natasha attacks as you move away!
Natasha claws you.
You take 3 damage, and have 11/14 hp.
MASSIVE DAMAGE!!
Natasha attacks as you move away! Natasha completely misses you.
The hobgoblin misses you. Natasha attacks as you move away! Natasha claws you.
You take 2 damage, and have 10/14 hp.
Natasha attacks as you move away! Natasha barely misses you. Natasha claws you.
You take 2 damage, and have 8/14 hp.
Natasha attacks as you move away! Natasha misses you.
You see here 12 gold pieces.
You now have 74 gold pieces (gained 12).
Natasha claws you but does no damage. Natasha attacks as you move away!
Natasha claws you. Natasha barely misses you.
You see here 11 gold pieces.
You now have 85 gold pieces (gained 11).
Natasha closely misses you. Natasha attacks as you move away!
Natasha closely misses you. Natasha casts a spell at you.
The magic dart hits you!
Ouch! That really hurt!
* * * LOW HITPOINT WARNING * * *
You take 8 damage, and have 1/14 hp.
MASSIVE DAMAGE!!
You feel yourself speed up.
You aren't carrying any items that you can evoke.
Unknown command.
It was a potion of attraction.
You feel attractive to monsters. The hobgoblin is attracted toward you.
Unknown command.

#.#.# .. #.#.# ##
#=#####'#.# #.
#.#.......####.
#.#............
#.#.......#####
#.#.......#....
#####.#.......#.###
#.@Sh.#.......#.#..
##g###.'............
####.§.#...###.†..#.#.#
#......S..#...#.....#..
#.#.#...###...###...#.#
# #.#..#...#.#...#..#..
...###...#.#...###...
#......#...#.#...#.....
#.###...###...###...###


You could see Natasha, an adder and a hobgoblin.

Levels and vault maps discovered:
D:1:      dpeg_arrival_water_temple_mockup, layout_basic,
          dreamdust_ecumenical_altar_angels_and_demons
D:2:      layout_basic, nicolae_titane, uniq_natasha

Notes
Turn   | Place    | Note
-------+----------+-------------------------------------------
     0 | D:1      | puppykicker the Spriggan Gladiator began the quest for the
                  | Orb.
     0 | D:1      | Reached XP level 1. HP: 10/10 MP: 2/2
   209 | D:1      | HP: 2/10 [frozen (5)]
   259 | D:1      | Reached XP level 2. HP: 11/14 MP: 3/3
   364 | D:1      | Identified a +0 short sword
   572 | D:1      | Found a faded altar of an unknown god.
   647 | D:1      | Identified a +0 dagger
   866 | D:2      | Identified an amulet of faith
   883 | D:2      | Identified a +0 dagger
   998 | D:2      | Identified a ring of flight
  1003 | D:2      | Noticed Natasha
  1022 | D:2      | HP: 1/14 [Natasha/magic dart (8)]
  1026 | D:2      | Identified 2 potions of attraction
  1027 | D:2      | Quit the game

Table legend: (Time is in decaauts)
 A = Elapsed time spent in this place.
 B = Non-inter-level travel time spent in this place.
 C = Inter-level travel time spent in this place.
 D = Time resting spent in this place.
 E = Time spent auto-exploring this place.
 F = Levels seen in this place.
 G = Mean time per level.
                   A        B        C        D        E       F      G
               +--------+--------+--------+--------+--------+-----+--------+
         Total |    728 |    701 |     27 |    154 |    397 |   2 |  364.0 |
       Dungeon |    728 |    701 |     27 |    154 |    397 |   2 |  364.0 |
               +--------+--------+--------+--------+--------+-----+--------+

Top non-repeatable levels by time:
     D:1: 550 daAuts
     D:2: 178 daAuts

Table legend:
 A = Kills in this place as a percentage of kills in the entire game.
 B = Kills by you in this place as a percentage of kills by you in the entire game.
 C = Kills by friends in this place as a percentage of kills by friends in the entire game.
 D = Other kills in this place as a percentage of other kills in the entire game.
 E = Experience gained in this place as a percentage of experience gained in the entire game.
 F = Experience gained in this place divided by the number of levels of this place that you have seen.
                   A       B       C       D       E      F
               +-------+-------+-------+-------+-------+----------------------
         Total | 100.0 | 100.0 |   N/A |   N/A | 100.0 |  12.0
       Dungeon | 100.0 | 100.0 |   N/A |   N/A | 100.0 |  12.0
               +-------+-------+-------+-------+-------+----------------------

Action                     || total
---------------------------++-------
  Melee: Quarterstaff      ||    43
    Use: Potion            ||     1
   Stab: Sleeping          ||     3
 Armour: Robe              ||     3
  Dodge: Dodged            ||    46

Vanquished Creatures
  3 ball pythons
  An endoplasm (D:1)
  A giant cockroach (D:2)
  3 kobolds
  2 quokkas (D:1)
  4 rats
14 creatures vanquished.
